 Dungeon Crawl Stone Soup version 0.26-b1-32-g5d43845318 (webtiles) character file.

Game seed: 17964289856805227387

57 Borgoz the Cudgeller (level 4, -1/27 HPs)
             Began as a Gargoyle Gladiator on Jan 11, 2021.
             Slain by Grinder (2 damage)
             ... on level 3 of the Dungeon.
             The game lasted 00:01:42 (1850 turns).

Borgoz the Cudgeller (Gargoyle Gladiator)           Turns: 1850, Time: 00:01:43

Health: -1/27      AC: 10    Str: 17    XL:     4   Next: 0%
Magic:  4/4        EV: 12    Int:  9    God:
Gold:   106        SH:  0    Dex: 12    Spells: 3/3 levels left

rFire    . . .     SeeInvis .   a - +0 flail
rCold    . . .     Faith    .   (no shield)
rNeg     + . .     Spirit   .   k - +0 ring mail
rPois    ∞         Reflect  .   c - +0 helmet
rElec    +         Harm     .   g - +0 cloak (curse)
rCorr    .         Rampage  .   (no gloves)
Will     .....                  (no boots)
Stlth    +.........             (no amulet)
HPRegen  0.09/turn              (no ring)
MPRegen  0.09/turn              (no ring)

@: no status effects
A: negative energy resistance 1, electricity resistance, unbreathing,
petrification resistance, miasma immunity, AC +3
a: no special abilities


You were on level 3 of the Dungeon.
You visited 1 branch of the dungeon, and saw 3 of its levels.

You collected 106 gold pieces.

Inventory:

Hand Weapons
 a - a +0 flail (weapon)
Missiles
 d - a throwing net (quivered)
Armour
 c - a +0 helmet (worn)
 g - a cursed +0 cloak (worn)
 k - a +0 ring mail (worn)
Scrolls
 b - a scroll of fog {unknown}
 e - 5 scrolls of teleportation
 f - 3 scrolls of identify
 i - a scroll of immolation {unknown}
 l - a scroll of blinking {unknown}
 m - a scroll of remove curse {unknown}
Potions
 j - a potion of heal wounds


   Skills:
 + Level 2.7 Fighting
 * Level 3.6 Maces & Flails
 - Level 1.7 Throwing
 + Level 1.2 Armour
 * Level 3.0 Dodging


You had 3 spell levels left.
You didn't know any spells.
Your spell library was empty.

Dungeon Overview and Level Annotations

Branches:
Dungeon (3/15)

Altars:

Annotations:
D:3 Grinder


Innate Abilities, Weirdness & Mutations

You are resistant to torment.
Your stone body is resilient. (AC +3)
You are immune to poison.
You resist negative energy. (rN+)
You are resistant to electric shocks. (rElec)
You can survive without breathing.
You are immune to petrification.
You are immune to miasma.


Message History

Grinder is moderately wounded.
Grinder struggles against the net.
The net rips apart, and Grinder comes free!
You hit Grinder but do no damage.
Grinder is moderately wounded.
Grinder hits you.
You writhe in agony.
You sock Grinder!
Grinder is severely wounded.
Grinder hits you.
You writhe in agony.
* * * LOW HITPOINT WARNING * * *
Grinder hits you.
* * * LOW HITPOINT WARNING * * *
You writhe in agony.
* * * LOW HITPOINT WARNING * * *
You barely miss Grinder.
Grinder is severely wounded.
Grinder hits you.
* * * LOW HITPOINT WARNING * * *
You writhe in agony.
You die...

....##### . ##.# .##5#
..### #..# #.### ....
#.## #...# .# #.##.#
###.##.# #(...# #....#
##...# #..######.†.#
#...!#....#5#########
#.##5.....#.@.......#
#.........###.<......#
#...#.###...#
#........# ..##..
#...# ##########
..#...## #...# ......
....# ##.# ##.... ..
####..


You could see Grinder.

Vanquished Creatures
  An adder (D:3)
  An ooze (D:2)
  2 dart slugs (D:2)
  3 leopard geckos
  2 ball pythons (D:1)
  4 giant cockroaches
  5 goblins
  3 hobgoblins (D:2)
  4 bats
  A frilled lizard (D:2)
  3 kobolds
  7 rats
36 creatures vanquished.

Notes
Turn   | Place    | Note
-------+----------+-------------------------------------------
     0 | D:1      | Borgoz the Gargoyle Gladiator began the quest for the Orb.
     0 | D:1      | Reached XP level 1. HP: 12/12 MP: 1/1
    92 | D:1      | Reached XP level 2. HP: 16/17 MP: 2/2
   800 | D:2      | Reached XP level 3. HP: 22/22 MP: 3/3
   884 | D:2      | Reached skill level 1 in Armour
  1688 | D:3      | Noticed Grinder
  1702 | D:3      | Reached XP level 4. HP: 15/27 MP: 4/4
  1836 | D:3      | Paralysed by Grinder for 4 turns
  1850 | D:3      | HP: 1/27 [Grinder (3)]
  1850 | D:3      | Slain by Grinder

Illustrated notes

Levels and vault maps discovered:
D:1:      nicolae_arrival_somewhat_less_tricky_arrival, layout_basic
D:2:      layout_loops_corners
D:3:      layout_rooms, serial_bayou_pond_e, uniq_grinder

Skill      XL: |  1  2  3 |
---------------+----------+-----
Armour         | 1 |  1.2
Dodging        | 3 |  3.0
Fighting       | |  2.7
Maces & Flails | |  3.6
Throwing       | |  1.7

Action                   |  1- 3 |  4- 6 || total
-------------------------+-------+-------++-------
Melee: Flail             |   124 |    12 ||   136
Throw: Throwing net      |       |     2 ||     2
  Use: Scroll            |       |     3 ||     3
Armor: Leather armour    |    29 |       ||    29
       Ring mail         |    27 |       ||    27
Dodge: Dodged            |    93 |     2 ||    95
